 Dungeon Crawl Stone Soup version 0.31-a0-845-g9abc20d24f (webtiles) character file.

Game seed: 2690634029348128510

170 randomguy2701 the Fighter (level 5, -1/51 HPs)
             Began as a Gnoll Wanderer on Oct 3, 2023.
             Constricted to death by Ijyb (6 damage)
             ... on level 3 of the Dungeon.
             The game lasted 00:02:15 (2210 turns).

randomguy2701 the Fighter (Gnoll Wanderer)          Turns: 2210, Time: 00:02:16

Health: -1/51      AC:  4    Str: 13    XL:     5   Next: 50%
Magic:  9/9        EV:  8    Int: 13    God:
Gold:   148        SH:  0    Dex: 10    Spells: 9/10 levels left

rFire   . . .        a - +3 mace
rCold   . . .        (no shield)
rNeg    . . .        c - +0 leather armour
rPois   .            l - +0 helmet
rElec   .            (no cloak)
rCorr   .            (no gloves)
SInv    .            (no boots)
Will    .....        (no amulet)
Stlth   ++           (no ring)
HPRegen 0.28/turn    (no ring)
MPRegen 0.11/turn

%: no passive effects
@: grasped by roots, constricted
A: fangs 1, strong nose, distributed training
a: no special abilities


You were on level 3 of the Dungeon.
You visited 1 branch of the dungeon, and saw 3 of its levels.

You collected 148 gold pieces.

Inventory:

Hand Weapons
 a - a +3 mace (weapon)
Armour
 c - a +0 leather armour (worn)
 l - a +0 helmet (worn)
Scrolls
 e - a scroll of amnesia {unknown}
 f - a scroll of immolation {unknown}
 g - 3 scrolls of identify {unknown}
 h - a scroll of enchant armour {unknown}
 k - a scroll of teleportation {unknown}
Potions
 b - a potion of heal wounds
 d - 2 potions of curing {unknown}
 i - a potion of ambrosia {unknown}
 j - a potion of lignification {unknown}


   Skills:
 + Level 8.6 Fighting
 + Level 1.5 Short Blades
 + Level 1.5 Long Blades
 + Level 1.5 Axes
 + Level 6.7 Maces & Flails
 + Level 1.5 Polearms
 + Level 1.5 Staves
 + Level 1.5 Ranged Weapons
 + Level 1.5 Throwing
 + Level 1.5 Armour
 + Level 1.5 Dodging
 + Level 2.8 Stealth
 + Level 1.5 Shields
 + Level 1.5 Unarmed Combat
 + Level 3.2 Spellcasting
 + Level 1.2 Conjurations
 + Level 1.2 Hexes
 + Level 1.2 Summonings
 + Level 1.2 Necromancy
 + Level 1.2 Translocations
 + Level 1.2 Transmutations
 + Level 1.2 Fire Magic
 + Level 2.4 Ice Magic
 + Level 1.2 Air Magic
 + Level 1.2 Earth Magic
 + Level 1.2 Poison Magic
 + Level 1.7 Invocations
 + Level 1.5 Evocations
 + Level 1.4 Shapeshifting


You had 9 spell levels left.
You knew the following spells:

 Your Spells              Type           Power      Damage    Failure   Level
a - Freeze                Ice            32%        1d5       11%         1

Your spell library contained the following spells:

 Spells                   Type           Power      Damage    Failure   Level
 Hailstorm                Conj/Ice       6%         3d4       38%         3


Dungeon Overview and Level Annotations

Branches:
Dungeon (3/15)

Altars:

Annotations:
D:3 Ijyb


Innate Abilities, Weirdness & Mutations

You have very sharp teeth.
Your uncanny sense of smell can sniff out nearby items.
Your experience applies equally to all skills.


Message History

The grasping roots release their grip on you.
You hit Ijyb but do no damage.
A goblin comes into view. It is wielding a +0 dagger.
Ijyb hits you with a +0 club.
You hit Ijyb but do no damage.
Ijyb zaps a wand.
The roots erupt in riotous growth!
The grasping roots grab you!
Ijyb is unaffected.
The grasping roots constrict you.
You hear a shout! x3; You hear an angry hiss.
You hear a shout! x5
You hit Ijyb but do no damage.
Ijyb screams, "Die!"
Ijyb hits you with a +0 club. The grasping roots constrict you.
The grasping roots release their grip on you.
You are too injured to fight recklessly!
You are too injured to fight recklessly!
You are too injured to fight recklessly!
You are too injured to fight recklessly!
You are too injured to fight recklessly!
You are too injured to fight recklessly!
Unknown command.
You are too injured to fight recklessly!
Unknown command.
You are too injured to fight recklessly!
Unknown command.
Ijyb attacks as she pursues you! Ijyb hits you with a +0 club.
* * * LOW HITPOINT WARNING * * *
Ijyb attacks as she pursues you! Ijyb closely misses you.
Ijyb attacks as she pursues you! Ijyb hits you with a +0 club.
* * * LOW HITPOINT WARNING * * *
Ijyb grins evilly.
Ijyb attacks as she pursues you! Ijyb hits you with a +0 club.
* * * LOW HITPOINT WARNING * * *
Ijyb screams, "No!
No, no, no, no!"
Ijyb attacks as she pursues you! Ijyb hits you with a +0 club.
* * * LOW HITPOINT WARNING * * *
Ijyb attacks as she pursues you! Ijyb barely misses you.
Ijyb zaps a wand.
The roots erupt in riotous growth!
The grasping roots grab you! The grasping roots constrict you.
You die...

...# ## .# ....## .# .#
.....# .# ##. .....##.
... .......# #.# #
.....).# #.# ..##...
.......#####.######.....
#..........g..g.@.......
#......#####.##..>......
#......# ###......#..#..
.......#
#........#..########
#..#####
#........#..#......#
##..# #............<#
....# #.......##..###
...... #.......##..###
####...
#........###...###..


You could see Ijyb and a goblin.

Vanquished Creatures
  A scorpion (D:2)
  4 gnolls
  An adder (D:2)
  4 dart slugs
  3 orcs (D:3)
  5 ball pythons
  8 endoplasms
  4 goblins
  7 hobgoblins
  3 jackals (D:2)
  A kobold (D:1)
  4 bats
  6 frilled lizards
  4 rats
55 creatures vanquished.

Notes
Turn   | Place    | Note
-------+----------+-------------------------------------------
     0 | D:1      | randomguy2701 the Gnoll Wanderer began the quest for the
                  | Orb.
     0 | D:1      | randomguy2701 set off with the following items: a +3 mace,
                  | a potion of heal wounds, a +0 leather armour; and the
                  | following spell memorised: Freeze; and the following spells
                  | available to memorise: Hailstorm.
     0 | D:1      | Reached XP level 1. HP: 26/26 MP: 4/4
   114 | D:1      | Reached XP level 2. HP: 33/33 MP: 5/5
   205 | D:1      | Reached XP level 3. HP: 38/38 MP: 7/7
   508 | D:1      | Reached skill level 1 in Invocations
   823 | D:2      | Reached skill level 1 in Short Blades
   823 | D:2      | Reached skill level 1 in Long Blades
   823 | D:2      | Reached skill level 1 in Axes
   823 | D:2      | Reached skill level 1 in Polearms
   823 | D:2      | Reached skill level 1 in Staves
   823 | D:2      | Reached skill level 1 in Ranged Weapons
   823 | D:2      | Reached skill level 1 in Throwing
   823 | D:2      | Reached skill level 1 in Armour
   823 | D:2      | Reached skill level 1 in Dodging
   823 | D:2      | Reached skill level 1 in Shields
   823 | D:2      | Reached skill level 1 in Unarmed Combat
   823 | D:2      | Reached skill level 1 in Evocations
   946 | D:1      | Reached XP level 4. HP: 20/45 MP: 8/8
  1113 | D:2      | Reached skill level 1 in Shapeshifting
  1447 | D:2      | Noticed a scorpion
  1455 | D:2      | Killed a scorpion
  1456 | D:2      | Reached skill level 1 in Conjurations
  1456 | D:2      | Reached skill level 1 in Hexes
  1456 | D:2      | Reached skill level 1 in Summonings
  1456 | D:2      | Reached skill level 1 in Necromancy
  1456 | D:2      | Reached skill level 1 in Translocations
  1456 | D:2      | Reached skill level 1 in Transmutations
  1456 | D:2      | Reached skill level 1 in Fire Magic
  1456 | D:2      | Reached skill level 1 in Air Magic
  1456 | D:2      | Reached skill level 1 in Earth Magic
  1456 | D:2      | Reached skill level 1 in Poison Magic
  1456 | D:2      | Reached XP level 5. HP: 23/51 MP: 9/9
  2178 | D:3      | Noticed Ijyb
  2210 | D:3      | Constricted to death by Ijyb

Illustrated notes

Levels and vault maps discovered:
D:1:      dpeg_arrival_line_fractal, layout_basic
D:2:      layout_loops_ring
D:3:      layout_rooms, old_standard_altar, dreamdust_ecumenical_altar_grove,
          minivault_27, uniq_ijyb, uniq_robin

Skill      XL: |  1  2  3  4 |
---------------+-------------+-----
Ice Magic      | 2 |  2.4
Invocations    | 1 |  1.7
Short Blades   | 1 |  1.5
Long Blades    | 1 |  1.5
Axes           | 1 |  1.5
Polearms       | 1 |  1.5
Staves         | 1 |  1.5
Ranged Weapons | 1 |  1.5
Throwing       | 1 |  1.5
Armour         | 1 |  1.5
Dodging        | 1 |  1.5
Shields        | 1 |  1.5
Unarmed Combat | 1 |  1.5
Evocations     | 1 |  1.5
Spellcasting   | 3 |  3.2
Shapeshifting  | 1 |  1.4
Conjurations   | 1 |  1.2
Hexes          | 1 |  1.2
Summonings     | 1 |  1.2
Necromancy     | 1 |  1.2
Translocations | 1 |  1.2
Transmutations | 1 |  1.2
Fire Magic     | 1 |  1.2
Air Magic      | 1 |  1.2
Earth Magic    | 1 |  1.2
Poison Magic   | 1 |  1.2
Fighting       | |  8.6
Maces & Flails | |  6.7
Stealth        | |  2.8

Action                     |  1- 3 |  4- 6 || total
---------------------------+-------+-------++-------
  Melee: Mace              |    71 |    69 ||   140
         Bite              |     8 |     6 ||    14
         Punch             |       |     2 ||     2
   Stab: Sleeping          |     2 |     3 ||     5
 Armour: Leather armour    |    52 |    49 ||   101
  Dodge: Dodged            |    39 |    32 ||    71

Table legend: (Time is in decaauts)
 A = Elapsed time spent in this place.
 B = Non-inter-level travel time spent in this place.
 C = Inter-level travel time spent in this place.
 D = Time resting spent in this place.
 E = Time spent auto-exploring this place.
 F = Levels seen in this place.
 G = Mean time per level.
                   A        B        C        D        E       F      G
               +--------+--------+--------+--------+--------+-----+--------+
         Total |   2222 |   2117 |    105 |      0 |   1719 |   3 |  740.7 |
       Dungeon |   2222 |   2117 |    105 |      0 |   1719 |   3 |  740.7 |
               +--------+--------+--------+--------+--------+-----+--------+

Top non-repeatable levels by time:
     D:2: 1106 daAuts
     D:1: 1029 daAuts
     D:3: 86 daAuts
